 Dungeon Crawl Stone Soup version 0.32-a0-119-g2e8054a (webtiles) character file.

Game seed: 7669824058996036056

617 Dorkslayer the Sneak (level 7, -2/46 HPs)
             Began as an Octopode Fighter on Feb 6, 2024.
             Splashed by a jelly's acid (3 damage)
             ... on level 5 of the Dungeon.
             The game lasted 00:08:29 (2872 turns).

Dorkslayer the Sneak (Octopode Fighter)             Turns: 2872, Time: 00:08:29

Health: -2/46      AC: -7    Str: 17    XL:     7   Next: 45%
Magic:  7/7        EV: 13    Int: 11    God:
Gold:   216        SH:  4    Dex: 11    Spells: 6/6 levels left

rFire   . .          .
                       - Unarmed
rCold   . . .        a - +0 buckler
rNeg    . . .        (helmet restricted)
rPois   .            (no amulet)
rElec   .            g - ring of resist corrosion
rCorr   +            (no ring)
SInv    .            (no ring)
Will    .....        (no ring)
Stlth   ++++         (no ring)
HPRegen 0.27/turn    (no ring)
MPRegen 0.10/turn    (no ring)
                     (no ring)

%: no passive effects
@: corroded
A: almost no armour, amphibious, 8 rings, camouflage 1, gelatinous body 1,
(nimble swimmer 1), tentacles
a: no special abilities


You were on level 5 of the Dungeon.
You visited 1 branch of the dungeon, and saw 5 of its levels.

You collected 216 gold pieces.

Inventory:

Hand Weapons
 h - a +1 war axe
 l - a +2 whip of draining
Missiles
 f - 2 boomerangs
 p - 4 atropa-tipped darts (quivered)
Armour
 a - a +0 buckler (worn)
Jewellery
 g - a ring of resist corrosion (left tentacle)
Talismans
 j - a blade talisman
Potions
 b - 2 potions of might
 c - 2 potions of heal wounds
 d - a potion of ambrosia {unknown}
 e - a potion of curing {unknown}
 i - 2 potions of invisibility {unknown}
 k - a potion of magic {unknown}
 m - 2 potions of enlightenment {unknown}


   Skills:
 + Level 3.4 Fighting
 + Level 0.2 Throwing
 + Level 4.1 Dodging
 + Level 6.0 Stealth
 + Level 3.5 Shields
 + Level 4.6 Unarmed Combat
 * Level 2.2 Shapeshifting


You had 6 spell levels left.
You didn't know any spells.
Your spell library contained the following spells:

 Spells                   Type           Power      Damage    Failure   Level
 Frozen Ramparts          Ice            0%         1d1       80%         3
 Tukima's Dance           Hex            0%         N/A       80%         3
 Cause Fear               Hex            0%         N/A       99%         4
 Leda's Liquefaction      Alch/Erth      0%         N/A       99%         4
 Passage of Golubria      Tloc           0%         N/A       99%         4
 Petrify                  Alch/Erth      0%         N/A       99%         4
 Fireball                 Conj/Fire      0%         3d3       100%        5
 Metabolic Englaciation   Hex/Ice        0%         N/A       100%        5
 Yara's Violent Unravell  Hex/Alch       0%         3d3       100%        5
 Dragon's Call            Summ           0%         N/A       100%        9


Dungeon Overview and Level Annotations

Branches:
Dungeon (5/15)
 Temple: D:4-7

Altars:
Elyvilon
Kikubaaqudgha
Sif Muna
Uskayaw
The Shining One


Innate Abilities, Weirdness & Mutations

You cannot wear most types of armour.
You are amphibious.
You can wear up to eight rings at the same time.
Your skin changes colour to match your surroundings (Stealth+).
Your rubbery body absorbs attacks. (AC +1, EV +1)
((You are camouflaged when in or above water. (Stealth+)))
You have tentacles for arms and can constrict up to eight enemies at once.


Message History

You tentacle-slap the bombardier beetle but do no damage.
The bombardier beetle is lightly wounded.
You constrict the bombardier beetle.
The bombardier beetle barely misses you.
The jelly hits you.
You are splashed with acid.
You resist.
You tentacle-slap the jelly but do no damage.
Your tentacles burn!
The jelly is lightly wounded.
You constrict the bombardier beetle. The bombardier beetle misses you.
You tentacle-slap the jelly but do no damage.
Your tentacles burn!
The jelly is lightly wounded.
You constrict the bombardier beetle. The jelly hits you.
* * * LOW HITPOINT WARNING * * *
You are splashed with acid.
You resist.
* * * LOW HITPOINT WARNING * * *
You tentacle-slap the bombardier beetle.
The bombardier beetle is heavily wounded.
You constrict the bombardier beetle!
You kill the bombardier beetle!
The jelly misses you.
An adder comes into view.
You barely miss the jelly.
The jelly is lightly wounded.
The jelly barely misses you.
The adder hisses angrily.
You tentacle-slap the jelly.
Your tentacles burn!
* * * LOW HITPOINT WARNING * * *
You squeeze the jelly!
The jelly is heavily wounded.
The jelly hits you.
* * * LOW HITPOINT WARNING * * *
You are splashed with acid.
You resist.
* * * LOW HITPOINT WARNING * * *
You barely miss the jelly. You squeeze the jelly.
The jelly is heavily wounded.
The jelly hits you.
* * * LOW HITPOINT WARNING * * *
You are splashed with acid.
You resist.
You die...

#...# #####....
#...#
###...##....##...#
................#
................#
....S...........#
##...............#
#................#
#@J...##.........#
##'#####.........#
#.....##....##...#
##....##....##...#
##.....#....##...#
#......#....##...#
#......#.....#....
#......#.....#....
####.##.##....##....


You could see a jelly and an adder.

Vanquished Creatures
  A black bear (D:4)
  An ogre (D:4)
  2 scorpions (D:4)
  A bombardier beetle (D:5)
  A jelly (D:4)
  An orc priest (D:4)
  Jessica (D:2)
  An iguana (D:4)
  2 orc wizards (D:5)
  6 adders
  A white imp (D:5)
  4 dart slugs
  2 ribbon worms
  6 orcs
  7 ball pythons
  6 endoplasms
  2 giant cockroaches
  5 goblins
  6 hobgoblins
  6 kobolds
  A quokka (D:2)
  4 bats
  2 frilled lizards
  4 rats
73 creatures vanquished.

Notes
Turn   | Place    | Note
-------+----------+-------------------------------------------
     0 | D:1      | Dorkslayer the Octopode Fighter began the quest for the
                  | Orb.
     0 | D:1      | Reached XP level 1. HP: 16/16 MP: 1/1
   231 | D:1      | Reached XP level 2. HP: 20/21 MP: 2/2
   757 | D:2      | Found a white marble altar of Elyvilon.
   783 | D:2      | Reached XP level 3. HP: 26/26 MP: 3/3
  1036 | D:2      | Reached skill level 1 in Stealth
  1201 | D:2      | Noticed Jessica
  1208 | D:2      | Killed Jessica
  1209 | D:2      | Reached XP level 4. HP: 31/31 MP: 4/4
  1307 | D:3      | Reached skill level 2 in Stealth
  1523 | D:3      | Reached XP level 5. HP: 36/36 MP: 5/5
  1540 | D:3      | Reached skill level 3 in Stealth
  1568 | D:3      | Found an ancient bone altar of Kikubaaqudgha.
  1568 | D:3      | Found a glowing golden altar of the Shining One.
  1574 | D:3      | Found a faded altar of an unknown god.
  1576 | D:3      | Found a white marble altar of Elyvilon.
  1578 | D:3      | Found a shimmering blue altar of Sif Muna.
  1772 | D:4      | Noticed a +0 dagger
  1772 | D:4      | Noticed a +0 falchion
  1772 | D:4      | Noticed a +0 spear
  1772 | D:4      | Noticed a +0 spear
  1773 | D:4      | Noticed a +0 falchion
  1774 | D:4      | Noticed a +0 short sword
  1774 | D:4      | Noticed a +0 short sword
  1774 | D:4      | Noticed a +0 dagger
  1795 | D:4      | Reached skill level 4 in Stealth
  1974 | D:4      | Reached skill level 1 in Shapeshifting
  1974 | D:4      | Reached XP level 6. HP: 38/42 MP: 6/6
  2105 | D:4      | Reached skill level 5 in Stealth
  2246 | D:4      | Found a hide-covered altar of Uskayaw.
  2513 | D:4      | Noticed a black bear
  2523 | D:4      | Killed a black bear
  2524 | D:4      | Reached XP level 7. HP: 39/46 MP: 7/7
  2659 | D:5      | Entered Level 5 of the Dungeon
  2669 | D:5      | Reached skill level 6 in Stealth
  2872 | D:5      | HP: 1/46 [jelly (3)]
  2872 | D:5      | Splashed by a jelly's acid

Illustrated notes

Levels and vault maps discovered:
D:1:      saegor_arrival_simple_a, layout_rooms, serial_co_window_serial,
          co_window_paths_a, co_window_paths_a, co_window_corner_a,
          co_window_paths_a, co_window_paths_a, co_window_corner_a,
          co_window_broadway_a, co_window_of_opportunity_c,
          co_window_broadway_c, co_window_of_opportunity_c, co_window_2corner,
          co_window_4corner_a, glass_columns_b, glass_columns_c,
          glass_columns_a, glass_columns_a, glass_columns_b
D:2:      layout_loops_cross, basic_altar, lightli_corner_chamber, uniq_jessica
D:3:      layout_rooms, chequers_temple_overflow_minitemple, serial_glass,
          glass_columns_a, glass_columns_a, glass_columns_a, glass_columns_a,
          glass_columns_a, glass_columns_a, glass_columns_b, glass_columns_b
D:4:      black_bear_nest_1, layout_loops_ring, nicolae_uskayaw_en_pointe,
          serial_co_window_serial, co_window_of_opportunity_a,
          co_window_paths_a, co_window_corner_a, co_window_corner_a,
          co_window_corner_a, co_window_paths_a, co_window_corner_b,
          co_window_of_opportunity_c, co_window_2corner, co_window_2corner,
          glass_columns_a
D:5:      layout_gridville, minmay_temple_entry_ruins, kennysheep_small_circle,
          uniq_menkaure

Skill      XL: |  1  2  3  4  5  6  7 |
---------------+----------------------+-----
Stealth        | 1 2 4 5 6 |  6.0
Unarmed Combat | 3 4 |  4.6
Shapeshifting  | 1 2 |  2.2
Dodging        | 4 |  4.1
Fighting       | |  3.4
Throwing       | |  0.2
Shields        | |  3.5

Action                     |  1- 3 |  4- 6 |  7- 9 || total
---------------------------+-------+-------+-------++-------
  Melee: Unarmed           |    64 |    80 |    26 ||   170
         Constrict         |    22 |    18 |     6 ||    46
         Tentacles         |    13 |    22 |     7 ||    42
         Punch             |       |     7 |       ||     7
  Throw: Dart              |       |     4 |       ||     4
    Use: Scroll            |       |     6 |     1 ||     7
         Potion            |       |     2 |       ||     2
   Stab: Sleeping          |     9 |    13 |     1 ||    23
 Armour: Skin              |    15 |    27 |    12 ||    54
  Dodge: Dodged            |    27 |    40 |    12 ||    79
  Block: Buckler           |     6 |    15 |     4 ||    25

Table legend: (Time is in decaauts)
 A = Elapsed time spent in this place.
 B = Non-inter-level travel time spent in this place.
 C = Inter-level travel time spent in this place.
 D = Time resting spent in this place.
 E = Time spent auto-exploring this place.
 F = Levels seen in this place.
 G = Mean time per level.
                   A        B        C        D        E       F      G
               +--------+--------+--------+--------+--------+-----+--------+
         Total |   2867 |   2867 |      0 |      0 |   1485 |   5 |  573.4 |
       Dungeon |   2867 |   2867 |      0 |      0 |   1485 |   5 |  573.4 |
               +--------+--------+--------+--------+--------+-----+--------+

Top non-repeatable levels by time:
     D:4: 916 daAuts
     D:1: 746 daAuts
     D:2: 526 daAuts
     D:3: 466 daAuts
     D:5: 211 daAuts
